 Dungeon Crawl Stone Soup version 0.31-a0-176-g91f28db67f (webtiles) character file.

Game seed: 4369578905230159282

38 Hajna the Ducker (level 3, -6/28 HPs)
             Began as a Merfolk Gladiator on June 18, 2023.
             Mangled by a gnoll
             ... wielding a +0 halberd
              (14 damage)
             ... on level 2 of the Dungeon.
             The game lasted 00:02:10 (940 turns).

Hajna the Ducker (Merfolk Gladiator)                 Turns: 940, Time: 00:02:10

Health: -6/28      AC:  4    Str: 16    XL:     3   Next: 43%
Magic:  3/3        EV: 13    Int:  7    God:
Gold:   71         SH:  0    Dex: 15    Spells: 2/2 levels left

rFire   . . .        a - +0 long sword
rCold   . . .        (no shield)
rNeg    . . .        b - +0 leather armour
rPois   .            c - +0 helmet
rElec   .            (no cloak)
rCorr   .            (no gloves)
SInv    .            (no boots)
Will    .....        (no amulet)
Stlth   +            (no ring)
HPRegen 0.24/turn    (no ring)
MPRegen 0.08/turn

%: no passive effects
@: no status effects
A: (nimble swimmer 2), mertail
a: no special abilities


You were on level 2 of the Dungeon.
You visited 1 branch of the dungeon, and saw 2 of its levels.

You collected 71 gold pieces.

Inventory:

Hand Weapons
 a - a +0 long sword (weapon)
Missiles
 d - 3 throwing nets (quivered)
 e - a javelin
Armour
 b - a +0 leather armour (worn)
 c - a +0 helmet (worn)


   Skills:
 + Level 2.5 Fighting
 + Level 4.4 Long Blades
 + Level 2.2 Throwing
 + Level 0.1 Armour
 + Level 4.5 Dodging
 + Level 0.2 Stealth


You had 2 spell levels left.
You didn't know any spells.
Your spell library contained the following spells:

 Spells                   Type           Power      Damage    Failure   Level
 Inner Flame              Hex/Fire       0%         N/A       86%         3
 Yara's Violent Unravell  Hex/Tmut       0%         3d3       100%        5
 Enfeeble                 Hex            0%         N/A       100%        7


Dungeon Overview and Level Annotations

Branches:
Dungeon (2/15)

Altars:


Innate Abilities, Weirdness & Mutations

((You are very nimble when in or above water. (Stealth+, EV+, Speed+++)))
Your lower body shifts to a powerful aquatic tail in water.


Message History

You feel sick. The kobold barely misses you.
The hobgoblin completely misses you.
The hobgoblin hits you but does no damage.
The kobold closely misses you.
You have reached level 3!
Your experience leads to an increase in your attributes!
Increase (S)trength, (I)ntelligence, or (D)exterity?
You feel stronger. x2
You hit the hobgoblin.
You kill the hobgoblin!
You feel sick. The kobold hits you but does no damage.
You hit the kobold.
You kill the kobold!
You feel sick.
You are no longer poisoned.
Things that are here:
a +0 short sword; a stone A gnoll comes into view.
It is wielding a +0 flail.
There is a stone staircase leading up here. 2 gnolls come into view.
The gnoll shouts!
You completely miss the gnoll. The gnoll hits you with a +0 flail!
You are too injured to fight recklessly!
You hit the gnoll.
The gnoll is heavily wounded.
The gnoll barely misses you.
You slash the gnoll!
You kill the gnoll!
A gnoll comes into view. It is wielding a +0 flail.
The gnoll throws a throwing net.
The throwing net barely misses you.
Found a stone staircase leading down.
The gnoll barely misses you.
The gnoll hits you from afar with a +0 spear.
* * * LOW HITPOINT WARNING * * *
You see here a +0 flail.
The gnoll barely misses you.
You see here a throwing net.
There is a stone staircase leading up here.
The gnoll hits you with a +0 halberd!
Ouch! That really hurt!
You die...

#.#. ..#. ### #....
..# #....## #.# #
.....>. #.# .#
....... #†##.#
..^...g###...?####.
#...g.g@<.)..)....
#.!.(.#####..#####
####.# ..# #. ..# #
..# #.# .# ##


You could see 3 gnolls.

Vanquished Creatures
  A gnoll (D:2)
  An adder (D:2)
  2 ball pythons (D:1)
  An endoplasm (D:1)
  A giant cockroach (D:1)
  5 hobgoblins
  2 bats (D:1)
  2 frilled lizards (D:1)
  2 kobolds
  4 rats (D:1)
21 creatures vanquished.

Notes
Turn   | Place    | Note
-------+----------+-------------------------------------------
     0 | D:1      | Hajna the Merfolk Gladiator began the quest for the Orb.
     0 | D:1      | Reached XP level 1. HP: 16/16 MP: 1/1
   290 | D:1      | Reached XP level 2. HP: 18/23 MP: 2/2
   902 | D:2      | Reached XP level 3. HP: 14/28 MP: 3/3
   940 | D:2      | Mangled by a gnoll

Illustrated notes

Levels and vault maps discovered:
D:1:      lemuel_arrival_behind_the_door_large, layout_loops_corners,
          serial_bayou_lake_a
D:2:      layout_loops_ring

Skill      XL: |  1  2 |
---------------+-------+-----
Long Blades    | 4 |  4.4
Fighting       | |  2.5
Throwing       | |  2.2
Armour         | |  0.1
Dodging        | |  4.5
Stealth        | |  0.2

Action                     || total
---------------------------++-------
  Melee: Long sword        ||    49
    Use: Scroll            ||     2
   Stab: Sleeping          ||     1
 Armour: Leather armour    ||    15
  Dodge: Dodged            ||    35

Table legend: (Time is in decaauts)
 A = Elapsed time spent in this place.
 B = Non-inter-level travel time spent in this place.
 C = Inter-level travel time spent in this place.
 D = Time resting spent in this place.
 E = Time spent auto-exploring this place.
 F = Levels seen in this place.
 G = Mean time per level.
                   A        B        C        D        E       F      G
               +--------+--------+--------+--------+--------+-----+--------+
         Total |    920 |    872 |     48 |      0 |    741 |   2 |  460.0 |
       Dungeon |    920 |    872 |     48 |      0 |    741 |   2 |  460.0 |
               +--------+--------+--------+--------+--------+-----+--------+

Top non-repeatable levels by time:
     D:1: 873 daAuts
     D:2: 47 daAuts
